 Dungeon Crawl Stone Soup version 0.27.0-1-g7a089689b8 (webtiles) character file.

Game seed: 6921222763131756075

3683 DildoBatman the Scholar of Death (level 10, -3/74 HPs)
             Began as a Formicid Conjurer on July 30, 2021.
             Was a Follower of Kikubaaqudgha.
             Slain by a brown ugly thing (14 damage)
             ... on level 7 of the Dungeon.
             The game lasted 00:30:38 (8053 turns).

DildoBatman the Scholar of Death (FoCj)             Turns: 8053, Time: 00:30:39

Health: -3/74      AC:  2    Str: 11    XL:     10   Next: 35%
Magic:  4/20       EV: 13    Int: 19    God:    Kikubaaqudgha [*.....]
Gold:   426        SH:  0    Dex: 12    Spells: 10/23 levels left

rFire    + . .     SeeInvis +   a - +0 hunting sling
rCold    . . .     Faith    .   (no shield)
rNeg     . . .     Spirit   .   l - +1 robe
rPois    .         Reflect  .   (helmet unavailable)
rElec    .         Harm     .   y - +1 cloak
rCorr    .         Rampage  .   (no gloves)
Will     +....                  c - +0 pair of boots
Stlth    ++........             m - amulet of magic regeneration
HPRegen  0.22/turn              i - ring of protection from fire
MPRegen  0.42/turn              (no ring)

@: corroded
A: permanent stasis, dig shafts and tunnels, antennae 3, four strong arms
a: Dig, Shaft Self, Renounce Religion, Receive Corpses


You were on level 7 of the Dungeon.
You worshipped Kikubaaqudgha.
Kikubaaqudgha was aware of your devotion.
You visited 2 branches of the dungeon, and saw 8 of its levels.
You also visited: Sewer.

You collected 426 gold pieces.

Inventory:

Hand Weapons
 a - a +0 hunting sling (weapon)
 b - a +2 mace of protection
 d - a +1 hand axe of electrocution
Missiles
 e - a throwing net
 p - 79 sling bullets
 u - 44 arrows
 v - 74 bolts
 w - 179 stones (quivered ammo)
 B - 2 boomerangs
 F - 23 poisoned darts
Armour
 c - a +0 pair of boots (worn)
 l - a +1 robe (worn)
 y - a +1 cloak (worn)
Jewellery
 g - an amulet of reflection
 i - a ring of protection from fire (left hand)
 m - an amulet of magic regeneration (around neck)
 H - a ring of protection from fire
Wands
 x - a wand of flame (46)
 J - a wand of digging (9)
Scrolls
 f - a scroll of amnesia {unknown}
 k - a scroll of blinking {unknown}
 o - 2 scrolls of immolation
 q - 3 scrolls of enchant armour
 s - 3 scrolls of noise
 t - a scroll of fog
 z - 3 scrolls of identify
 C - a scroll of brand weapon
 D - 2 scrolls of enchant weapon {unknown}
 E - 2 scrolls of magic mapping
 I - a scroll of summoning {unknown}
 L - a scroll of acquirement {unknown}
Potions
 h - 3 potions of might
 j - 3 potions of curing {unknown}
 n - a potion of resistance {unknown}
 r - 2 potions of flight
 A - a potion of heal wounds {unknown}
 G - a potion of berserk rage {unknown}
 K - 2 potions of ambrosia {unknown}


   Skills:
 - Level 5.2 Fighting
 - Level 5.1 Armour
 - Level 4.3 Dodging
 - Level 2.4 Stealth
 - Level 7.0 Spellcasting
 - Level 6.0 Conjurations
 * Level 7.9 Necromancy


You had 10 spell levels left.
You knew the following spells:

 Your Spells              Type           Power      Damage    Failure   Level
a - Searing Ray           Conj           58%        3d5       1%          2
b - Bolt of Magma         Conj/Fire/Erth 7%         4d6       77%         5
c - Magic Dart            Conj           100%       1d8       1%          1
d - Vampiric Draining     Necr           18%        2d8       1%          3
z - Sublimation of Blood  Necr           18%        N/A       1%          2

Your spell library contained the following spells:

 Spells                   Type           Power      Damage    Failure   Level
 Animate Skeleton         Necr           72%        N/A       1%          1
 Pain                     Necr           100%       1d9       1%          1
 Dazzling Flash           Conj/Hex       36%        N/A       9%          3
 Stone Arrow              Conj/Erth      36%        3d9       9%          3
 Fulminant Prism          Conj/Hex       9%         3d7       28%         4
 Iskenderun's Mystic Bla  Conj/Tloc      18%        2d6       28%         4
 Conjure Ball Lightning   Conj/Air       9%         3x3d6     99%         6
 Discord                  Hex            3%         N/A       100%        8
 Disjunction              Tloc           3%         N/A       100%        8
 Shatter                  Erth           3%         3d7*      100%        9


Dungeon Overview and Level Annotations

Branches:
Dungeon (7/15)             Temple (1/1) D:7           Sewer (visited)

Altars:
Ashenzari
Cheibriados
Dithmenos
Elyvilon
Fedhas
Gozag
Hepliaklqana
Kikubaaqudgha
Makhleb
Nemelex Xobeh
Okawaru
Qazlal
Ru
Sif Muna
Trog
Uskayaw
Vehumet
Wu Jian
Xom
Yredelemnul
Zin
The Shining One

Shops:
D:2 [   D:6 (   D:7 ?


Innate Abilities, Weirdness & Mutations

You cannot be hasted, slowed, berserked, paralysed or teleported.
You can dig through walls and to a lower floor.
You have a pair of large antennae on your head. (SInv)
Your four strong arms can wield two-handed weapons with a shield.


Message History

The brown ugly thing tail-slaps you!
You are splashed with acid!
Casting: Vampiric Draining (safe; 1% risk of failure)
Confirm with . or Enter, or press ? or * to list all spells.
Aiming: Vampiric Draining (safe; 1% risk of failure)
Press: ? - help, Shift-Dir - straight line, f/p - brown ugly thing
Aim: a brown ugly thing (heavily wounded)
You draw life force from the brown ugly thing!
You feel life coursing into your body. The brown ugly thing tail-slaps you!
You are splashed with acid!
Casting: Vampiric Draining (safe; 1% risk of failure)
Confirm with . or Enter, or press ? or * to list all spells.
Aiming: Vampiric Draining (safe; 1% risk of failure)
Press: ? - help, Shift-Dir - straight line, f/p - brown ugly thing
Aim: a brown ugly thing (severely wounded)
You draw life force from the brown ugly thing.
You feel life coursing into your body. The brown ugly thing tail-slaps you!
You are splashed with acid!
Casting: Vampiric Draining (safe; 1% risk of failure)
Confirm with . or Enter, or press ? or * to list all spells.
Aiming: Vampiric Draining (safe; 1% risk of failure)
Press: ? - help, Shift-Dir - straight line, f/p - brown ugly thing
Aim: a brown ugly thing (severely wounded)
You draw life force from the brown ugly thing!
You feel life coursing into your body. The brown ugly thing tail-slaps you!
The acid corrodes you!
You are splashed with acid!
Casting: Vampiric Draining (safe; 1% risk of failure)
Confirm with . or Enter, or press ? or * to list all spells.
Aiming: Vampiric Draining (safe; 1% risk of failure)
Press: ? - help, Shift-Dir - straight line, f/p - brown ugly thing
Aim: a brown ugly thing (almost dead)
You draw life force from the brown ugly thing.
You feel life coursing into your body. The brown ugly thing tail-slaps you!
You die...
Kikubaaqudgha rasps: "You have failed me!
Welcome... death!"

>........'.....#.........?..#
.........#.....'............#
##'###...#.....#...##########
{....##..#.....#...##.......#
##..#.##.......#...#........#
.u.##.##......#...#........#
C..[#..#......#...#........#
#..=}##.#......#.>.#........#
##.}[#..'......u@..'........#
##.#......#'#######....#
#..#.#'###........#....#
#.##.....#........#....#
#.##......'........#....#
.u##.......#........'....#
##u###...######........#######
.........#......###'##.......#
....#....#......#....#.......#


You could see a brown ugly thing.

Vanquished Creatures
  Grinder (D:4)
  A human (D:3)
  2 wyverns (D:7)
  2 sky beasts
  Purgy (Sewer)
  An orc warrior (D:7)
  A hornet zombie (D:6)
  4 ice beasts
  5 necrophages
  2 ogres
  A centaur (D:7)
  A bullfrog (D:6)
  A gnoll sergeant (D:7)
  A wyvern zombie (D:6)
  3 water moccasin zombies (D:6)
  3 scorpions
  A wyvern skeleton (D:7)
  A water moccasin skeleton (D:4)
  5 wights
  A howler monkey (D:7)
  A centaur zombie (D:5)
  A human zombie (D:6)
  A bullfrog skeleton (D:5)
  3 hounds
  Crazy Yiuf (D:5)
  2 iguanas (D:5)
  7 orc wizards (D:7)
  A killer bee zombie (D:6)
  A hound zombie (D:5)
  A howler monkey zombie (D:6)
  7 adders
  A river rat (D:6)
  An ufetubus (D:5)
  2 adder skeletons (D:4)
  2 worms (D:2)
  4 dart slugs
  11 orcs
  7 bats
  4 endoplasms
  2 giant cockroaches
  8 goblins
  6 hobgoblins
  6 jackals
  5 quokkas
  9 ball pythons
  3 frilled lizards
  A jackal zombie (D:3)
  5 kobolds
  3 rats
144 creatures vanquished.

Notes
Turn   | Place    | Note
-------+----------+-------------------------------------------
     0 | D:1      | DildoBatman the Formicid Conjurer began the quest for the
                  | Orb.
     0 | D:1      | Reached XP level 1. HP: 13/13 MP: 3/3
   282 | D:1      | Reached XP level 2. HP: 19/19 MP: 3/5
   285 | D:1      | Learned a level 2 spell: Searing Ray
   617 | D:1      | Reached XP level 3. HP: 23/24 MP: 1/6
  1303 | D:2      | Reached XP level 4. HP: 30/30 MP: 1/7
  1347 | D:2      | Found Vickaycw's Antique Armour Emporium.
  1462 | D:2      | Reached skill level 5 in Conjurations
  2093 | D:3      | Found a runed translucent door.
  2093 | D:3      | Noticed a human
  2096 | D:3      | Found a basalt altar of Yredelemnul.
  2183 | D:3      | Reached XP level 5. HP: 35/35 MP: 5/8
  2895 | D:4      | Reached XP level 6. HP: 29/42 MP: 2/9
  2939 | D:4      | Reached skill level 1 in Armour
  3039 | D:4      | Noticed an ogre
  3044 | D:4      | Killed an ogre
  3045 | D:4      | Reached skill level 1 in Fighting
  3185 | D:4      | Found a shimmering altar of Xom.
  3263 | D:4      | Noticed a necrophage
  3660 | D:5      | Entered Level 5 of the Dungeon
  3677 | D:5      | Noticed an ogre
  3690 | D:5      | Killed an ogre
  3691 | D:5      | Reached XP level 7. HP: 50/50 MP: 6/13
  3697 | D:5      | Found a glowing silver altar of Zin.
  4108 | D:5      | Found a runed translucent door.
  4109 | D:5      | Noticed Crazy Yiuf
  4293 | D:5      | Found a radiant altar of Vehumet.
  4320 | D:5      | Noticed Grinder
  4641 | D:6      | Found a white marble altar of Elyvilon.
  4685 | D:6      | Found an ancient bone altar of Kikubaaqudgha.
  4719 | D:6      | Became a worshipper of Kikubaaqudgha
  4738 | D:6      | Reached skill level 5 in Spellcasting
  4750 | D:6      | Found a broken altar of Ashenzari.
  4786 | D:6      | Found a glowing drain.
  4804 | D:6      | Found Niosoriv's Weapon Boutique.
  4828 | Sewer    | Entered a sewer
  4854 | Sewer    | Noticed Purgy
  4873 | Sewer    | Killed Purgy
  5021 | D:4      | Killed Grinder
  5022 | D:4      | Reached XP level 8. HP: 48/56 MP: 8/18
  5038 | D:4      | Upgraded the game from 0.27-b1-42-g19c61b19a5 to
                  | 0.27.0-1-g7a089689b8
  5089 | D:4      | Reached skill level 1 in Necromancy
  5182 | D:3      | Killed a human
  5457 | D:5      | Killed Crazy Yiuf
  5555 | D:6      | Reached XP level 9. HP: 23/64 MP: 12/19
  5648 | D:6      | Reached * piety under Kikubaaqudgha
  5648 | D:6      | Received a gift from Kikubaaqudgha
  5664 | D:6      | Learned a level 2 spell: Sublimation of Blood
  5668 | D:6      | Learned a level 3 spell: Vampiric Draining
  5965 | D:6      | Found a stormy altar of Qazlal.
  6629 | D:6      | Reached skill level 5 in Fighting
  6650 | D:6      | Reached skill level 5 in Armour
  6887 | D:7      | Found a staircase to the Ecumenical Temple.
  6897 | Temple   | Entered the Ecumenical Temple
  7011 | D:7      | Found Tedirodi's Magic Scroll Shoppe.
  7046 | D:7      | Reached skill level 5 in Necromancy
  7059 | D:7      | Learned a level 5 spell: Bolt of Magma
  7107 | D:7      | Reached XP level 10. HP: 69/74 MP: 14/20
  7142 | D:7      | Found an opulent altar of Gozag.
  7318 | D:7      | Found an iron altar of Okawaru.
  7581 | D:7      | Noticed a gargoyle
  7581 | D:7      | Noticed a brown ugly thing
  7582 | D:7      | Noticed a cyclops
  8053 | D:7      | Slain by a brown ugly thing

Illustrated notes

Levels and vault maps discovered:
D:1:      nicolae_arrival_memento_mori, layout_basic
D:2:      layout_basic, serial_shops, nicolae_lakefront_shop
D:3:      layout_basic, dk_yredelemnul_ordeal, minmay_misc_feat_tiny,
          minmay_misc_feat_cross
D:4:      layout_loops_ring, mainiacjoe_overflow_small_starburst,
          serial_co_window_serial, co_window_corner_a,
          co_window_of_opportunity_a, co_window_paths_a, co_window_corner_a,
          co_window_cross_1, co_window_corner_b, co_window_cross_3,
          co_window_corner_b, co_window_sun, glass_columns_a
D:5:      layout_basic, general_overflow_altar, vehumet_altar_wand_db,
          palyth_stone_intersect, grunt_ministairs_7, uniq_crazy_yiuf_cottage,
          uniq_grinder
D:6:      layout_loops_corners, nicolae_overflow_hidden_temple,
          lemuel_round_altar, lemuel_mausoleum_altar_kikubaaqudgha,
          lemuel_doored_altar, serial_shops, nicolae_shop_behind_doors,
          portal_sewer_entry_a
D:7:      minmay_the_grid_octo_triangle [minmay_the_grid_octo_thin_diamonds,
          minmay_the_grid_octo_prize_ultimate_mussel_roller,
          minmay_the_grid_octo_clover], layout_gridville, kennysheep_mini_moat,
          mainiacjoe_overflow_brackets, serial_shops, shop,
          minmay_a_box_with_orc_wizards_in_it
Temple:   minmay_temple_bridge_abc

Skill      XL: |  1  2  3  4  5  6  7  8  9 10 |
---------------+-------------------------------+-----
Conjurations   | 4 5 6 |  6.0
Armour         | 2 3 5 |  5.1
Fighting       | 2 3 5 |  5.2
Spellcasting   | 4 6 7 |  7.0
Dodging        | 2 4 |  4.3
Necromancy     | 2 5 7 |  7.9
Stealth        | |  2.4

Action                   |  1- 3 |  4- 6 |  7- 9 | 10-12 || total
-------------------------+-------+-------+-------+-------++-------
Melee: Mace              |       |       |     3 |       ||     3
 Fire: Hunting sling     |    17 |    46 |    23 |     3 ||    89
 Cast: Magic Dart        |    29 |    10 |    35 |     2 ||    76
       Searing Ray       |     8 |    27 |    62 |    11 ||   108
       Vampiric Draining |       |       |     5 |     9 ||    14
 Abil: Dig               |    17 |    16 |    32 |     6 ||    71
  Use: Scroll            |       |     3 |     7 |       ||    10
Armor: Robe              |     1 |     3 |    27 |     1 ||    32
Dodge: Dodged            |     7 |     6 |    54 |    14 ||    81
Block: Other             |     1 |     5 |       |       ||     6
       Reflection        |       |     2 |       |       ||     2
